 Dungeon Crawl Stone Soup version 0.25-a0-424-g80bd347ae0 (webtiles) character file.

Game seed: 11698129827167542935, levelgen mode: deterministic

95 ChaosChampion the Insei (level 4, 0/28 HPs)
             Began as an Octopode Transmuter on Jan 21, 2020.
             Succumbed to an adder's poison
             ... on level 3 of the Dungeon.
             The game lasted 00:06:11 (1623 turns).

ChaosChampion the Insei (Octopode Transmuter)       Turns: 1623, Time: 00:06:11

Health: 0/28       AC:  2    Str:  9    XL:     4   Next: 66%
Magic:  1/7        EV: 20    Int: 16    God:
Gold:   105        SH:  0    Dex: 17    Spells: 1/7 levels left

rFire    . . .     SeeInvis .     - Unarmed
rCold    . . .     Gourm    .   (shield currently unavailable)
rNeg     . . .     Faith    .   (helmet currently unavailable)
rPois    x         Spirit   .   j - amulet of inaccuracy (curse)
rElec    .         Reflect  .   (no ring)
rCorr    .         Harm     .   (no ring)
MR       .....                  (no ring)
Stlth    ++........             (no ring)
HPRegen  0.09/turn              (no ring)
MPRegen  0.10/turn              (no ring)
                                (no ring)
                                (no ring)

@: lethally poisoned (0 -> -5), spider-form, very slightly contaminated
A: tiny, almost no armour, stealthy swim, (amphibious), 8 rings, (constrict 8)
a: End Transformation


You were on level 3 of the Dungeon.
You were not hungry.
You were a venomous arachnid creature.
You visited 1 branch of the dungeon, and saw 3 of its levels.

You collected 105 gold pieces.

Inventory:

Hand Weapons
 i - a +3 quarterstaff of chaos (melded)
Missiles
 a - 12 arrows
Jewellery
 j - a cursed amulet of inaccuracy (around neck)
Wands
 e - a wand of scattershot (6)
 h - a wand of polymorph (2)
Scrolls
 b - 2 scrolls of enchant armour {unknown}
 d - a scroll of remove curse {unknown}
 f - a scroll of amnesia {unknown}
 g - a scroll of magic mapping {unknown}
Comestibles
 c - 4 rations


   Skills:
 + Level 1.1 Fighting
 + Level 0.3 Staves
 + Level 2.3 Dodging
 + Level 1.4 Stealth
 + Level 3.7 Unarmed Combat
 + Level 2.3 Spellcasting
 * Level 3.2 Transmutations


You had one spell level left.
You knew the following spells:

 Your Spells              Type           Power        Failure   Level  Hunger
a - Beastly Appendage     Tmut           ##....       16%         1    #......
b - Sticks to Snakes      Tmut           ##......     21%         2    ###....
c - Spider Form           Tmut/Pois      #.........   52%         3    ###....

Your spell library contained the following spells:

 Spells                   Type           Power        Failure   Level  Hunger
 Animate Skeleton         Necr           N/A          41%         1    #......
 Apportation              Tloc           #.....       41%         1    #......
 Corona                   Hex            #......      41%         1    #......
 Summon Small Mammal      Summ           #...         41%         1    #......
 Ice Form                 Ice/Tmut       #.......     87%         4    #####..
 Blade Hands              Tmut           ##........   93%         5    ######.


Dungeon Overview and Level Annotations

Branches:
Dungeon (3/15)

Altars:

Portals:
Sewer: D:3


Innate Abilities, Weirdness & Mutations

You cannot wear most types of armour.
You are very stealthy in the water. (Stealth+)
((You are amphibious.))
You can wear up to eight rings at the same time.
((You can use your tentacles to constrict eight enemies at once.))
((Your skin changes colour to match your surroundings (Stealth+).))
((Your rubbery body absorbs attacks. (AC +1, EV +1)))


Message History

You aren't carrying any potions.
There isn't anything here!
Casting: Spider Form (safe; 30% risk of failure)
Confirm with . or Enter, or press ? or * to list all spells.
Your tentacle spike disappears.
You turn into a venomous arachnid creature.
Your +3 quarterstaff of chaos melds into your body.
* * * LOW HITPOINT WARNING * * *
You feel sick.
The giant cockroach completely misses you.
The giant cockroach closely misses you.
You barely miss the giant cockroach.
The giant cockroach is almost dead.
The giant cockroach completely misses you. x2
You hit the giant cockroach.
You kill the giant cockroach!
The giant cockroach closely misses you.
You hit the giant cockroach.
The giant cockroach is poisoned.
The giant cockroach is moderately wounded.
You die...

#.##.# #.......#
#.##.# #.#####.#
#.#..######.#≈≈≈#.#
#.#.........#≈≈≈#.#
###.#..##(.#..#≈∩≈#.#
.<#.#..#...#..#≈≈≈#.##
##..†.######..#≈≈≈#).#
....†.........##s##..#
##..#...........s....#
#..#........#.......#
#.<#(######.#.......#
##.#.# ..#..........
..... ............>>
###.# ...#..........
....#.#####.... .# #.#
....


You could see a giant cockroach.

Vanquished Creatures
  Crazy Yiuf (D:2)
  2 adders (D:3)
  A dart slug (D:1)
  A leopard gecko (D:1)
  2 giant cockroaches
  4 goblins (D:1)
  8 hobgoblins
  9 jackals
  3 frilled lizards (D:1)
  5 kobolds
  8 rats
44 creatures vanquished.

Notes
Turn   | Place    | Note
-------+----------+-------------------------------------------
     0 | D:1      | ChaosChampion the Octopode Transmuter began the quest for
                  | the Orb.
     0 | D:1      | Reached XP level 1. HP: 13/13 MP: 3/3
   138 | D:1      | Reached XP level 2. HP: 18/18 MP: 5/5
   475 | D:1      | Reached XP level 3. HP: 7/23 MP: 4/6
  1211 | D:2      | Found a runed translucent door.
  1213 | D:2      | Noticed Crazy Yiuf
  1230 | D:2      | Killed Crazy Yiuf
  1230 | D:2      | Reached skill level 1 in Stealth
  1230 | D:2      | Reached XP level 4. HP: 28/28 MP: 7/7
  1457 | D:2      | Learned a level 2 spell: Sticks to Snakes
  1461 | D:2      | Learned a level 3 spell: Spider Form
  1601 | D:3      | Found a glowing drain.
  1620 | D:3      | HP: 1/28 [poisoned by an adder]
  1623 | D:3      | Succumbed to an adder's poison

Levels and vault maps discovered:
D:1:      wheals_arrival_shading, layout_loops_corners
D:2:      layout_basic, uniq_crazy_yiuf_cottage
D:3:      layout_basic, gup_sewer_entry_glass, first_ration, grunt_qazlal_clouds

Skill      XL: |  1  2  3 |
---------------+----------+-----
Stealth        | 1 |  1.4
Transmutations | 3 |  3.2
Fighting       | |  1.1
Staves         | |  0.3
Dodging        | |  2.3
Unarmed Combat | |  3.7
Spellcasting   | |  2.3

Action                   |  1- 3 |  4- 6 || total
-------------------------+-------+-------++-------
Melee: Unarmed           |    88 |     3 ||    91
       Constrict         |    25 |     4 ||    29
       Tentacles         |    12 |       ||    12
       Kick              |     3 |     2 ||     5
       Punch             |     2 |       ||     2
       Quarterstaff      |       |    14 ||    14
 Cast: Beastly Appendage |    18 |     3 ||    21
       Spider Form       |       |     1 ||     1
 Stab: Sleeping          |     5 |     1 ||     6
  Eat: Chunk             |     1 |     2 ||     3
Armor: Skin              |     7 |     2 ||     9
Dodge: Dodged            |    28 |    28 ||    56

Table legend:
 A = Non-vault XP
 B = Vault XP
 C = Vault XP percentage of total XP
 D = Non-vault monster count
 E = Vault monster count
 F = Vault count percentage of total count
                 A         B        C        D         E       F
            +---------+---------+-------+---------+---------+-------
      Total |      68 |      69 |  50.4 |      40 |       4 |   9.1
            +---------+---------+-------+---------+---------+-------
        D:1 |      44 |       0 |   0.0 |      27 |       0 |   0.0
        D:2 |      15 |      40 |  72.7 |       8 |       1 |  11.1
        D:3 |       9 |      29 |  76.3 |       5 |       3 |  37.5
            +---------+---------+-------+---------+---------+-------
